Map: Romanticide LE

Players

Zest

  • Race: Protoss Protoss
  • Spawn Location: 5:00

Astrea - Winner!

  • Race: Protoss Protoss
  • Spawn Location: 11:00

Event: IEM Katowice 2021

VOD

Have the link to the VOD?

Description

Time

  • Played on: Feb. 24, 2021, 8:25 a.m.
  • Length: 13:09

All games in this series

Show
View Real Time Build Order
Export as new Build Order

Zest Protoss 

Build Orders: Phoenix Opening, Blink Stalkers, Zealot Archon 

Get SALT Encoding   

  12  0:00  Probe  
  13  0:12  Probe  
  14  0:17  Pylon  
  14  0:24  Probe (Chrono Boost)  
  15  0:36  Gateway  
  15  0:37  Probe (Chrono Boost)  
  16  0:44  Probe (Chrono Boost)  
  16  0:45  Assimilator  
  17  0:51  Probe  
  18  1:03  Probe (Chrono Boost)  
  19  1:04  Assimilator  
  19  1:12  Probe (Chrono Boost)  
  19  1:15  Gateway  
  19  1:17  Probe (Chrono Boost)  
  20  1:24  Cybernetics Core  
  21  1:29  Probe  
  22  1:34  Pylon  
  22  1:41  Probe  
  23  1:53  Probe  
  24  2:01  Stalker x2  
  24  2:02  Warp Gate  
  28  2:13  Pylon  
  28  2:26  Pylon  
  28  2:32  Sentry  
  32  2:43  Nexus  
  32  2:50  Shield Battery  
  32  2:54  Probe  
  35  2:58  Sentry  
  33  3:05  Twilight Council  
  33  3:06  Probe  
  33  3:12  Pylon  
  34  3:18  Probe  
  35  3:31  Probe  
  36  3:35  Blink (Chrono Boost)  
  36  3:43  Probe  
  36  3:45  Phoenix  
  37  3:50  Stalker x2  
  37  3:55  Probe x2  
  43  4:07  Probe  
  43  4:08  Probe  
  45  4:13  Stalker  
  45  4:14  Stalker  
  49  4:19  Probe  
  49  4:20  Probe  
  50  4:31  Probe  
  50  4:32  Probe  
  52  4:38  Stalker  
  52  4:39  Stalker, Pylon  
  52  4:43  Shield Battery, Probe  
  52  4:44  Probe  
  58  4:55  Probe  
  58  4:56  Probe  
  60  5:02  Stalker x2  
  64  5:11  Nexus  
  64  5:17  Pylon  
  64  5:19  Probe  
  64  5:20  Probe  
  66  5:24  Adept x2  
  66  5:28  Pylon  
  70  5:35  Probe x2  
  72  5:48  Probe  
  72  5:49  Stalker x2  
  77  5:50  Probe  
  77  5:51  Assimilator  
  77  5:53  Assimilator  
  76  6:00  Probe  
  76  6:04  Probe  
  74  6:11  Charge (Chrono Boost)  
  74  6:13  Probe  
  74  6:15  Forge  
  74  6:16  Probe  
  72  6:23  Probe  
  72  6:25  Probe  
  74  6:26  Gateway  
  74  6:27  Templar Archives, Gateway  
  74  6:28  Gateway  
  74  6:29  Gateway, Probe  
  75  6:35  Probe  
  75  6:39  Gateway x2  
  76  6:45  Gateway  
  76  6:47  Robotics Facility  
  76  6:53  Protoss Ground Weapons Level 1 (Chrono Boost)  
  74  7:07  High Templar x2  
  78  7:13  Probe x2  
  78  7:14  Pylon, Probe  
  81  7:17  Pylon  
  81  7:18  Shield Battery  
  81  7:19  Archon  
  81  7:24  Zealot, Sentry  
  81  7:25  Zealot x2, Probe  
  81  7:27  Pylon  
  90  7:31  Gateway  
  90  7:33  Warp Prism (Chrono Boost)  
  90  7:34  Zealot x2  
  96  7:39  High Templar  
  96  7:40  High Templar  
  96  7:43  Archon  
  96  7:44  Zealot  
  102  7:45  Zealot x3  
  102  7:50  Zealot, Pylon  
  110  7:55  Zealot x2  
  114  8:05  Zealot, Observer, High Templar x2  
  118  8:06  Zealot  
  118  8:09  Pylon, Archon  
  123  8:15  Nexus  
  123  8:25  Zealot x5  
  133  8:29  Zealot  
  133  8:31  Pylon  
  133  8:33  Pylon  
  127  8:55  Zealot, High Templar x2  
  120  8:56  Zealot x6  
  116  9:05  Archon  
  105  9:16  Observer (Chrono Boost)  
  73  9:26  High Templar x2  
  77  9:33  Archon  
  78  9:39  Zealot x6  
  78  9:40  Zealot  
  92  9:46  Warp Prism (Chrono Boost)  
  93  10:01  Photon Cannon  
  93  10:08  Stalker x5  
  103  10:18  Stalker x2  
  107  10:22  Observer  
  107  10:28  Stalker x2  
  111  10:37  Photon Cannon  
  111  10:48  Zealot x6  
  111  10:49  Probe  
  100  11:15  Stalker x6  
  106  11:26  Zealot  
  106  11:27  Zealot x3  
  114  11:47  Zealot x6  
  126  11:58  Zealot  
  126  11:59  Zealot x2  
  126  12:00  Zealot  
  134  12:05  Observer  
  111  12:18  Zealot x2  
  111  12:19  Zealot x4  
Show
View Real Time Build Order
Export as new Build Order

Astrea Protoss - Winner!

Build Orders: Oracle Opening 

Get SALT Encoding   

  12  0:00  Probe  
  13  0:12  Probe  
  14  0:17  Pylon  
  14  0:24  Probe (Chrono Boost)  
  15  0:36  Gateway, Probe (Chrono Boost)  
  16  0:44  Probe (Chrono Boost)  
  16  0:45  Assimilator  
  17  0:51  Probe  
  17  0:54  Assimilator  
  18  1:03  Probe (Chrono Boost)  
  19  1:07  Gateway  
  20  1:12  Probe (Chrono Boost)  
  20  1:17  Probe (Chrono Boost)  
  20  1:24  Cybernetics Core  
  21  1:29  Probe  
  22  1:36  Pylon  
  22  1:41  Probe  
  23  1:54  Probe  
  24  2:00  Warp Gate (Chrono Boost)  
  24  2:01  Stalker  
  24  2:03  Stalker  
  24  2:07  Probe  
  29  2:13  Pylon  
  29  2:19  Probe  
  30  2:27  Pylon  
  30  2:32  Probe  
  31  2:40  Stargate  
  30  2:44  Probe  
  31  3:01  Nexus  
  31  3:07  Shield Battery  
  31  3:10  Probe  
  32  3:20  Oracle (Chrono Boost)  
  32  3:23  Probe  
  36  3:27  Pylon  
  36  3:35  Probe  
  37  3:47  Sentry x2, Probe  
  42  3:49  Robotics Facility  
  42  3:59  Probe  
  43  4:15  Probe x2 (Chrono Boost), Phoenix  
  47  4:24  Probe (Chrono Boost)  
  47  4:26  Probe (Chrono Boost), Nexus  
  47  4:30  Probe (Chrono Boost)  
  47  4:35  Probe  
  47  4:36  Observer (Chrono Boost)  
  50  4:39  Sentry  
  50  4:42  Probe  
  53  4:46  Pylon  
  53  4:47  Probe  
  53  4:49  Immortal (Chrono Boost)  
  53  4:51  Phoenix  
  58  4:54  Probe  
  58  4:59  Assimilator, Probe  
  60  5:06  Probe  
  61  5:12  Stalker x2  
  61  5:13  Assimilator  
  61  5:14  Probe  
  66  5:20  Shield Battery  
  70  5:28  Immortal (Chrono Boost)  
  70  5:34  Probe  
  70  5:40  Forge, Twilight Council  
  70  5:43  Stalker x2  
  72  6:01  Probe  
  72  6:03  Warp Prism (Chrono Boost)  
  71  6:07  Stalker x2  
  74  6:13  Probe  
  74  6:19  Protoss Ground Weapons Level 1 (Chrono Boost), Probe (Chrono Boost)  
  74  6:22  Probe (Chrono Boost)  
  76  6:25  Blink  
  76  6:31  Probe x2 (Chrono Boost)  
  78  6:39  Probe x2 (Chrono Boost)  
  81  6:41  Probe (Chrono Boost)  
  81  6:42  Phoenix  
  81  6:44  Dark Shrine  
  81  6:46  Probe  
  81  6:47  Probe  
  82  6:51  Probe  
  84  6:57  Pylon x2  
  84  6:58  Probe  
  84  7:00  Probe  
  84  7:03  Probe  
  84  7:05  Pylon  
  85  7:12  Pylon  
  85  7:15  Probe x3 (Chrono Boost)  
  88  7:21  Observer  
  89  7:27  Probe (Chrono Boost)  
  92  7:33  Probe x2 (Chrono Boost), Gateway  
  92  7:34  Gateway  
  92  7:36  Probe (Chrono Boost)  
  93  7:38  Gateway  
  93  7:40  Probe x2 (Chrono Boost)  
  93  7:41  Probe (Chrono Boost)  
  93  7:43  Gateway  
  96  7:45  Gateway  
  96  7:49  Sentry x2  
  96  7:51  Probe  
  101  7:52  Pylon, Probe  
  101  7:53  Probe  
  101  7:55  Shadow Stride, Assimilator  
  101  7:56  Assimilator  
  101  7:58  Pylon  
  103  8:03  Probe  
  104  8:13  Photon Cannon  
  104  8:15  Dark Templar x2  
  104  8:16  Protoss Ground Weapons Level 2 (Chrono Boost)  
  108  8:22  Pylon  
  108  8:26  Charge  
  107  8:30  Pylon, Dark Templar x2  
  111  8:35  Stalker  
  111  8:39  Stalker x2  
  117  8:47  Probe  
  116  8:51  Dark Templar x2  
  110  8:56  Probe  
  110  8:58  Zealot  
  103  9:08  Dark Templar  
  103  9:09  Dark Templar x2  
  101  9:10  Probe x2  
  101  9:11  Observer  
  99  9:19  Probe  
  100  9:33  Stalker x3  
  100  9:34  Nexus  
  100  9:35  Pylon  
  106  9:40  Gateway  
  106  9:42  Observer  
  106  9:44  Pylon  
  106  9:46  Stalker x2  
  106  9:48  Stalker  
  106  9:50  Probe x2  
  106  9:52  Probe  
  113  9:55  Robotics Bay, Robotics Facility  
  113  9:59  Shield Battery, Photon Cannon  
  113  10:03  Shield Battery x2  
  113  10:05  Probe x3  
  116  10:17  Probe x2  
  116  10:18  Probe  
  119  10:29  Stalker x2, Probe  
  119  10:30  Stalker x4  
  131  10:41  Probe x2  
  133  10:43  Disruptor x2 (Chrono Boost)  
  133  10:46  Probe  
  140  10:52  Stalker x2  
  140  10:53  Stalker x4  
  146  11:06  Observer  
  144  11:13  Stalker  
  144  11:14  Disruptor x2  
  148  11:20  Probe  
  148  11:24  Assimilator  
  147  11:26  Assimilator  
  147  11:28  Photon Cannon  
  147  11:29  Zealot x6  
  147  11:32  Photon Cannon x2  
  159  11:34  Gateway  
  159  11:36  Photon Cannon  
  155  12:06  Disruptor  
  156  12:14  Pylon  
  153  12:15  Pylon  
  153  12:16  Pylon  
  153  12:20  Pylon  
  153  12:21  Pylon  
  149  12:24  Pylon  
  149  12:26  Pylon  
  143  12:32  Probe  
  143  12:34  Stalker  
  143  12:35  Stalker x5  
  132  12:42  Probe x2  
  133  12:47  Probe (Chrono Boost)  
  133  12:50  Probe (Chrono Boost)  
  129  12:54  Probe x2 (Chrono Boost)  
  130  12:59  Probe (Chrono Boost)  
  130  13:01  Probe (Chrono Boost)  

Tags
 
Add a new tag
Caveats
  • Supply blocks, unpowered buildings, or Contaminate may cause inaccurate times.
  • Supply counts are checked every 10 seconds.